 Dungeon Crawl Stone Soup version 0.26.1-11-gd32895ea62 (webtiles) character file.

Game seed: 679396313171472396

541 Wolframius the Chopper (level 7, -3/61 HPs)
             Began as a Minotaur Berserker on June 25, 2021.
             Was a Priest of Trog.
             Slain by an ogre
             ... wielding a +0 giant club
              (19 damage)
             ... on level 5 of the Dungeon.
             The game lasted 00:30:48 (2754 turns).

Wolframius the Chopper (Minotaur Berserker)         Turns: 2754, Time: 00:30:48

Health: -3/61      AC: 15    Str: 24    XL:     7   Next: 5%
Magic:  6/6        EV:  9    Int:  4    God:    Trog [***...]
Gold:   285        SH:  0    Dex:  9    Spells: 6/6 levels left

rFire    . . .     SeeInvis .   o - +3 trident
rCold    . . .     Faith    .   (no shield)
rNeg     . . .     Spirit   .   c - +0 chain mail
rPois    .         Reflect  .   (helmet restricted)
rElec    .         Harm     .   (no cloak)
rCorr    .         Rampage  .   d - +0 pair of gloves
Will     .....                  (no boots)
Stlth    ..........             (no amulet)
HPRegen  0.20/turn              n - ring of stealth
MPRegen  0.10/turn              f - +4 ring of protection

@: no status effects
A: retaliatory headbutt, horns 2
a: Renounce Religion, Berserk, Trog's Hand


You were on level 5 of the Dungeon.
You worshipped Trog.
Trog was most pleased with you.
You visited 1 branch of the dungeon, and saw 5 of its levels.

You collected 285 gold pieces.

Inventory:

Hand Weapons
 a - a +0 hand axe
 e - a +0 hand axe
 m - a +0 hand axe
 o - a +3 trident (weapon)
Missiles
 i - 50 stones
Armour
 b - a +0 animal skin
 c - a +0 chain mail (worn)
 d - a +0 pair of gloves (worn)
Jewellery
 f - a +4 ring of protection (right hand)
 n - a ring of stealth (left hand)
 r - an uncursed ring of see invisible
 x - an uncursed ring of fire
Wands
 v - a wand of flame (9)
Scrolls
 g - 5 scrolls of remove curse
 k - 2 scrolls of identify
 l - 2 scrolls of enchant weapon {unknown}
 p - a scroll of amnesia
 q - a scroll of teleportation
 s - a scroll of immolation {unknown}
Potions
 h - 2 potions of berserk rage {unknown}
 j - a potion of haste
 t - a potion of curing
 u - a potion of attraction
 w - a potion of degeneration


   Skills:
 + Level 5.0 Fighting
 + Level 7.2 Axes
 + Level 0.2(4.4) Polearms
 + Level 0.6 Throwing
 + Level 5.0 Armour
 + Level 3.3 Dodging
 + Level 0.1 Stealth


You had 6 spell levels left.
You didn't know any spells.
Your spell library was empty.

Dungeon Overview and Level Annotations

Branches:
Dungeon (5/15)
 Temple: D:4-7

Altars:
Ashenzari
Hepliaklqana
Qazlal
Ru
Vehumet
Wu Jian
Zin
The Shining One


Innate Abilities, Weirdness & Mutations

You reflexively headbutt those who attack you in melee.
You have a pair of horns on your head.


Message History

You feel yourself speed up.
Found a stone staircase leading down.
You feel sick.
There is a stone staircase leading down here.
You feel better.
Non-targeted abil: Trog's Hand
Press: ? - help, Q - select action, (/) - cycle Dir - look around, f - activate You are too injured to fight recklessly!
You recover from your berserk rage.
An ogre comes into view. It is wielding a +0 giant club.
You closely miss the ogre. Your headbutt misses the ogre.
The ogre barely misses you. You furiously retaliate!
You headbutt the ogre! You hit the ogre.
The ogre is moderately wounded.
The ogre hits you with a +0 giant club!
* * * LOW HITPOINT WARNING * * *
You hit the ogre.
The ogre is heavily wounded.
The ogre hits you with a +0 giant club!!
You die...

*,,,,....,**###.........#
,,,,,...#** #...#######**
,,,,.#..# ##..# *,*
,,,***,,** #..# *,* ,***
**,,* #..# *,* ** **,**
#..# *,* ,* *,,* #..## *,*
,* **,** #...# *,* ,**
**,,** #@..# **,* ,,*
***,,,,***#O..#****,**
,,****,,,...............#*
,,,,,,,,*####........##.#
,,,,,,*** #.........#****
,,,,*** #........##**,**
,,,,,** *#........# *,,,*
,,,,,,****#........##**,,,*
,,***,,,,*#.......## *,,,**


You could see an ogre.

Vanquished Creatures
  A howler monkey (D:4)
  A centaur zombie (D:5)
  2 orc priests
  A bullfrog skeleton (D:3)
  2 hounds
  An iguana (D:5)
  3 orc wizards
  A worker ant (D:4)
  A hound skeleton (D:4)
  7 adders
  A shadow imp (D:5)
  2 oozes (D:2)
  A worm (D:2)
  2 dart slugs (D:2)
  4 leopard geckos
  23 orcs
  5 giant cockroaches
  3 goblins
  6 hobgoblins
  9 kobolds
  A quokka (D:4)
  7 bats
  3 frilled lizards
  6 rats
93 creatures vanquished.

Notes
Turn   | Place    | Note
-------+----------+-------------------------------------------
     0 | D:1      | Wolframius the Minotaur Berserker began the quest for the
                  | Orb.
     0 | D:1      | Reached XP level 1. HP: 19/19 MP: 0/0
   330 | D:1      | Reached skill level 4 in Axes
   330 | D:1      | Reached XP level 2. HP: 27/27 MP: 1/1
   642 | D:2      | Reached XP level 3. HP: 33/33 MP: 2/2
   943 | D:2      | Reached ** piety under Trog
   944 | D:2      | Reached XP level 4. HP: 39/40 MP: 3/3
  1119 | D:2      | Reached skill level 5 in Axes
  1256 | D:3      | Found a glowing golden altar of the Shining One.
  1280 | D:3      | Reached XP level 5. HP: 38/47 MP: 4/4
  1882 | D:3      | Found an ornate altar of the Wu Jian Council.
  1919 | D:3      | Found a hazy altar of Hepliaklqana.
  2095 | D:4      | Reached skill level 6 in Axes
  2103 | D:4      | Reached XP level 6. HP: 53/53 MP: 5/5
  2103 | D:4      | Found a stormy altar of Qazlal.
  2104 | D:4      | Found a sacrificial altar of Ru.
  2104 | D:4      | Found a glowing silver altar of Zin.
  2105 | D:4      | Found a broken altar of Ashenzari.
  2162 | D:4      | Found a radiant altar of Vehumet.
  2336 | D:4      | Reached *** piety under Trog
  2394 | D:5      | Entered Level 5 of the Dungeon
  2475 | D:5      | Reached skill level 7 in Axes
  2656 | D:5      | Reached skill level 5 in Fighting
  2656 | D:5      | Reached XP level 7. HP: 28/61 MP: 6/6
  2682 | D:5      | Reached skill level 5 in Armour
  2754 | D:5      | Slain by an ogre

Illustrated notes

Levels and vault maps discovered:
D:1:      dpeg_arrival_central, layout_basic, kennysheep_flooded_box
D:2:      layout_basic, serial_rivers, chequers_serial_rivers_marsh,
          chequers_serial_rivers_micro_c, chequers_serial_rivers_micro_e,
          chequers_serial_rivers_micro_d, chequers_serial_rivers_small_a,
          kennysheep_generic_room_9
D:3:      layout_loops_cross, overflow_temple_1_default,
          overflow_temple_1_default, lemuel_coloured_pillars_altar,
          bh_walls_and_bars
D:4:      layout_rooms, vehumet_altar_wand_db,
          chequers_temple_overflow_statue_of_worship
D:5:      layout_layer_cave, grunt_decor_fettered, minmay_crossroads

Skill      XL: |  1  2  3  4  5  6  7 |
---------------+----------------------+-----
Axes           | 4 5 6 7 |  7.2
Fighting       | 4 5 |  5.0
Armour         | 3 4 5 |  5.0
Dodging        | 3 |  3.3
Polearms       | |  0.2
Throwing       | |  0.6
Stealth        | |  0.1

Action                   |  1- 3 |  4- 6 |  7- 9 || total
-------------------------+-------+-------+-------++-------
Melee: Hand axe          |    69 |   165 |       ||   234
       Headbutt          |    10 |    29 |     2 ||    41
       Trident           |       |    15 |    11 ||    26
Throw: Stone             |     8 |       |       ||     8
Invok: Berserk           |     2 |     2 |     1 ||     5
       Trog's Hand       |       |     1 |       ||     1
  Use: Scroll            |     6 |     8 |     1 ||    15
       Potion            |     2 |     4 |     2 ||     8
Armor: Chain mail        |    38 |   113 |    14 ||   165
       Animal skin       |     1 |       |       ||     1
Dodge: Dodged            |    26 |   107 |     8 ||   141
